 Dungeon Crawl Stone Soup version 0.29.0-13-gc9e81de378 (webtiles) character file.

Game seed: 2545386453793613480

16 Arum the Shield-Bearer (level 2, -2/24 HPs)
             Began as a Formicid Fighter on Sept 9, 2022.
             Was an Initiate of Ashenzari.
             Succumbed to a kobold's poison
             ... on level 1 of the Dungeon.
             The game lasted 00:00:58 (526 turns).

Arum the Shield-Bearer (Formicid Fighter)            Turns: 526, Time: 00:00:58

Health: -2/24      AC:  6    Str: 20    XL:     2   Next: 70%
Magic:  2/2        EV:  9    Int:  7    God:    Ashenzari [......]
Gold:   49         SH:  5    Dex: 13    Spells: 1/1 levels left

rFire   . . .      SeeInvis +   a - +0 flail
rCold   . . .      Faith    .   c - +0 buckler
rNeg    . . .      Spirit   .   b - +0 scale mail of the Prescient Moon {Cun, Range} (curse)
rPois   .          Reflect  .   (helmet unavailable)
rElec   .          Harm     .   (no cloak)
rCorr   .          Rampage  .   (no gloves)
Will    .....                   (no boots)
Stlth   ..........              (no amulet)
HPRegen 0.08/turn               (no ring)
MPRegen 0.08/turn               (no ring)

@: lethally poisoned (-2 -> -19)
A: permanent stasis, dig shafts and tunnels, antennae 3, four strong arms
a: Dig, Shaft Self, Renounce Religion, Shatter the Chains


You were on level 1 of the Dungeon.
You worshipped Ashenzari.
Ashenzari was noncommittal.
You visited 1 branch of the dungeon, and saw 1 of its levels.

You collected 49 gold pieces.

Inventory:

Hand Weapons
 a - a +0 flail (weapon)
Armour
 b - the cursed +0 scale mail of the Prescient Moon (worn) {Cun, Range}

   It has a curse which improves the following skills: Cunning: Dodging and
   Stealth.
   Ranged Combat: Ranged Weapons and Throwing.
 c - a +0 buckler (worn)
Scrolls
 e - 2 scrolls of fog {unknown}
 f - a scroll of noise {unknown}
 g - a scroll of identify {unknown}
Potions
 d - a potion of might


   Skills:
 + Level 3.5 Fighting
 + Level 2.2 Maces & Flails
 + Level 3.5 Armour
 + Level 4.3 Shields


You had one spell level left.
You didn't know any spells.
Your spell library was empty.

Dungeon Overview and Level Annotations

Branches:
Dungeon (1/15)

Altars:
Ashenzari

Shops:
D:1 [


Innate Abilities, Weirdness & Mutations

You cannot be hasted, slowed, berserked, paralysed or teleported.
You can dig through walls and to a lower floor.
You have a pair of large antennae on your head. (SInv)
Your four strong arms can wield two-handed weapons with a shield.


Message History

You kill the goblin!
The bat hits you but does no damage.
You hit the bat.
The bat is severely wounded.
The bat barely misses you. You block the bat's attack.
The bat barely misses you.
You hit the endoplasm.
The endoplasm is heavily wounded.
You block the bat's attack. The endoplasm freezes you.
You are frozen.
You barely miss the endoplasm.
The endoplasm is heavily wounded.
The bat hits you but does no damage. You block the kobold's attack.
The endoplasm misses you.
You hit the endoplasm.
The endoplasm is severely wounded.
The bat closely misses you. The bat hits you but does no damage.
The kobold hits you with a +1 dagger of venom.
You are poisoned.
The endoplasm freezes you.
You are frozen.
You block the kobold's attack. The endoplasm closely misses you.
Unknown command.
You feel sick. The bat hits you but does no damage. The bat closely misses you.
The kobold hits you with a +1 dagger of venom.
You are lethally poisoned!
You block the endoplasm's attack.
Unknown command.
The bat attacks as you move away! The bat hits you but does no damage.
* * * LOW HITPOINT WARNING * * *
You feel very sick. The bat closely misses you.
The kobold hits you but does no damage. The kobold attacks as you move away!
The kobold hits you but does no damage.
You are more poisoned.
* * * LOW HITPOINT WARNING * * *
You feel very sick.
Unknown command.
It was a potion of cancellation.
You feel magically purged.
You die...

#.#####.....#####............#
#......#...#.......###........
######..#.#...###..#......8...
##..#.......#............
##...#####..........∩...
###### #...#........♣
...$..####..#.#.###.>#..
................ #..#..
.......@# #.#.###.8...
......JK# #............#
........# #.. .. #.....#
......)b# #..... ##....#
....$...###.##..###....#
.........##.# ....#...#
.[.....#.##.# #..#.....#
..........#.# #..# #....
........#.#.###..# #....


You could see an endoplasm, a bat and a kobold.

Vanquished Creatures
  2 ball pythons (D:1)
  A bat (D:1)
  An endoplasm (D:1)
  A giant cockroach (D:1)
  2 hobgoblins (D:1)
  3 goblins (D:1)
  4 rats (D:1)
14 creatures vanquished.

Notes
Turn   | Place    | Note
-------+----------+-------------------------------------------
     0 | D:1      | Arum the Formicid Fighter began the quest for the Orb.
     0 | D:1      | Reached XP level 1. HP: 18/18 MP: 1/1
    28 | D:1      | Found Qahoplen's Armour Emporium.
   178 | D:1      | Found a faded altar of an unknown god.
   199 | D:1      | Prayed at the altar of an unknown god.
   199 | D:1      | Became a worshipper of Ashenzari the Shackled
   330 | D:1      | Reached XP level 2. HP: 24/24 MP: 2/2
   526 | D:1      | Succumbed to a kobold's poison

Illustrated notes

Levels and vault maps discovered:
D:1:      scummos_arrival_star, layout_rooms,
          chequers_ecumenical_altar_simple_redux, serial_shops, shop_statue

Action                   || total
-------------------------++-------
Melee: Flail             ||    45
Invok: Curse Item        ||     1
  Use: Potion            ||     1
Armor: Scale mail        ||    28
Dodge: Dodged            ||    33
Block: Buckler           ||    26
